[Event "SWE-ch Blitz 2019"]
[Site "Eskilstuna"]
[Date "2019.07.11"]
[Round "1.1"]
[White "Tikkanen, Hans"]
[Black "Wiklund, Johan"]
[Result "1-0"]
[ECO "E14"]
[WhiteElo "2503"]
[BlackElo "1924"]
[Annotator "ChessBase"]
[PlyCount "75"]
[EventDate "2019.07.06"]
[EventType "swiss"]
[EventCountry "SWE"]
[SourceTitle "playchess.com"]
[Source "ChessBase"]
[SourceQuality "1"]
[TimeControl "180+2"]

1. d4 Nf6 2. Nf3 e6 3. e3 b6 4. Bd3 Bb7 5. O-O Be7 6. c4 O-O 7. Nc3 d6 8. e4 Nbd7 9. Qe2 e5 10. d5 a5 11. Be3 Re8 12. a3 Nf8 13. b4 axb4 14. axb4 Qd7 15. c5 bxc5 16. bxc5 Qg4 17. c6 Rxa1 18. Rxa1 Bc8 19. Ra7 Bd8 20. Ra8 Be7 21. Ra7 Bd8 22. Nd2 Ng6 23. Nb5 Qh4 24. g3 Qh3 25. f3 h5 26. Qg2 h4 27. Qxh3 Bxh3 28. g4 Nf4 29. Bxf4 exf4 30. Nxc7 Bxc7 31. Rxc7 Nxg4 32. fxg4 Bxg4 33. Rb7 f3 34. Kf2 g5 35. Nxf3 Ra8 36. c7 Ra2+ 37. Be2 Ra8 38. Rb8+ 1-0

[Event "SWE-ch Blitz 2019"]
[Site "Eskilstuna"]
[Date "2019.07.11"]
[Round "1.2"]
[White "Svardh, Johan"]
[Black "Agrest, Evgenij"]
[Result "0-1"]
[ECO "B54"]
[WhiteElo "1870"]
[BlackElo "2583"]
[Annotator "ChessBase"]
[PlyCount "52"]
[EventDate "2019.07.06"]
[EventType "swiss"]
[EventCountry "SWE"]
[SourceTitle "playchess.com"]
[Source "ChessBase"]
[SourceQuality "1"]
[TimeControl "180+2"]

1. e4 c5 2. Nf3 e6 3. d4 cxd4 4. Nxd4 a6 5. Nc3 d6 6. Bd3 Nd7 7. O-O g6 8. Be3 Ngf6 9. h3 Bg7 10. Qd2 h6 11. Rad1 g5 12. f4 gxf4 13. Bf2 Nh5 14. Be2 Ndf6 15. Bh4 Qb6 16. Kh2 Ng3 17. Bxg3 fxg3+ 18. Kxg3 Bd7 19. Kh2 O-O-O 20. Bf3 Kb8 21. a4 Qc7 22. Kg1 h5 23. b4 Rc8 24. Ndb5 axb5 25. Nxb5 Bxb5 26. axb5 Qb6+ {[%emt 0:01:16] Qxd6+} 0-1

[Event "SWE-ch Blitz 2019"]
[Site "Eskilstuna"]
[Date "2019.07.11"]
[Round "1.3"]
[White "Lyrberg, Patrik"]
[Black "Norager, Mattias"]
[Result "1-0"]
[ECO "A10"]
[WhiteElo "2457"]
[BlackElo "1726"]
[Annotator "ChessBase"]
[PlyCount "55"]
[EventDate "2019.07.06"]
[EventType "swiss"]
[EventCountry "SWE"]
[SourceTitle "playchess.com"]
[Source "ChessBase"]
[SourceQuality "1"]
[TimeControl "180+2"]

1. Nf3 f5 2. c4 Nf6 3. b3 c5 4. Bb2 Nc6 5. d4 cxd4 6. Nxd4 d6 7. g3 g6 8. Nxc6 bxc6 9. Bxf6 exf6 10. Bg2 Bd7 11. O-O Bg7 12. Qxd6 Rc8 13. Nc3 Kf7 14. Rad1 Be6 15. Qxd8 Rhxd8 16. Rxd8 Rxd8 17. Bxc6 Rd2 18. Rd1 Rc2 19. Rd3 Bf8 20. e3 Bb4 21. Nb5 Rxa2 22. Bd7 Ke7 23. Bxe6 Kxe6 24. Nc7+ Kf7 25. Rd7+ Kg8 26. Nd5 Ra1+ 27. Kg2 Rd1 28. Nxf6+ 1-0

[Event "SWE-ch Blitz 2019"]
[Site "Eskilstuna"]
[Date "2019.07.11"]
[Round "1.4"]
[White "Dahlstedt, Anders"]
[Black "Schussler, Harry"]
[Result "0-1"]
[ECO "C10"]
[WhiteElo "1748"]
[BlackElo "2410"]
[Annotator "NA"]
[PlyCount "76"]
[EventDate "2019.07.06"]
[EventType "swiss"]
[EventCountry "SWE"]
[SourceTitle "playchess.com"]
[Source "ChessBase"]
[SourceQuality "1"]
[TimeControl "180+2"]

1. d4 e6 2. e4 d5 3. Nc3 Be7 4. Be3 Nf6 5. Qd2 dxe4 6. f3 exf3 7. Nxf3 b6 8. O-O-O Bb7 9. Bd3 Nc6 10. a3 O-O 11. Bg5 a6 12. Qf2 Nd5 13. Bxh7+ Kxh7 14. Qh4+ Kg6 15. Ne4 f6 16. Qg3 fxg5 17. h4 g4 18. Qxg4+ Kh6 19. Qxe6+ Bf6 20. g4 Bc8 21. g5+ Kh7 22. Nxf6+ Rxf6 23. Qe4+ Bf5 24. Qe2 Re6 25. Ne5 Nxe5 26. Qh5+ Kg8 27. dxe5 c6 28. Rhf1 g6 29. Qh6 Qf8 30. h5 Qxh6 31. gxh6 Rxe5 32. hxg6 Bxg6 33. Rg1 Kh7 34. Rdf1 Re2 35. c4 Rc2+ 36. Kd1 Ne3+ 37. Ke1 Nxf1 38. Kxf1 Rc1+ 0-1

[Event "SWE-ch Blitz 2019"]
[Site "Eskilstuna"]
[Date "2019.07.11"]
[Round "1.5"]
[White "Andersson, Tommy"]
[Black "Falkevall, Axel"]
[Result "1-0"]
[ECO "E11"]
[WhiteElo "2390"]
[BlackElo "2067"]
[Annotator "NA"]
[PlyCount "111"]
[EventDate "2019.07.06"]
[EventType "swiss"]
[EventCountry "SWE"]
[SourceTitle "playchess.com"]
[Source "ChessBase"]
[SourceQuality "1"]
[TimeControl "180+2"]

1. d4 Nf6 2. c4 e6 3. Nf3 Bb4+ 4. Bd2 a5 5. g3 d6 6. Bg2 Nbd7 7. O-O e5 8. Nc3 O-O 9. a3 Bxc3 10. Bxc3 Qe7 11. c5 e4 12. cxd6 cxd6 13. Ne1 d5 14. Nc2 Nb6 15. Ne3 Bd7 16. Qb3 Qd6 17. Rac1 Rfc8 18. Bd2 a4 19. Qb4 Qxb4 20. Bxb4 Bb5 21. Bc5 Nc4 22. Nxc4 Bxc4 23. Rfe1 b6 24. Bb4 Ba6 25. Bh3 Rxc1 26. Rxc1 Bxe2 27. Rc7 Bc4 28. Bg2 Re8 29. Bd2 h6 30. Bh3 b5 31. Bc8 Nh7 32. h4 Nf8 33. Bb7 Ne6 34. Rd7 Nxd4 35. Bb4 Nf3+ 36. Kg2 Ne5 37. Rd6 Nd3 38. Bc3 e3 39. fxe3 Rxe3 40. Bxd5 Bxd5+ 41. Rxd5 Re2+ 42. Kf3 Re8 43. Rxd3 Rc8 44. Rd5 Rb8 45. Ke4 f6 46. Kd4 Kf7 47. Kc5 Kg6 48. h5+ Kf7 49. Kb4 Re8 50. Kxb5 Re3 51. g4 Rg3 52. Rd4 Ke6 53. Kxa4 f5 54. gxf5+ Kxf5 55. Kb5 Rg5 56. Rd5+ 1-0

[Event "SWE-ch Blitz 2019"]
[Site "Eskilstuna"]
[Date "2019.07.11"]
[Round "1.6"]
[White "Henricson, Max"]
[Black "Seo, Jung Min"]
[Result "0-1"]
[ECO "B22"]
[WhiteElo "1665"]
[BlackElo "2399"]
[Annotator "NA"]
[PlyCount "64"]
[EventDate "2019.07.06"]
[EventType "swiss"]
[EventCountry "SWE"]
[SourceTitle "playchess.com"]
[Source "ChessBase"]
[SourceQuality "1"]
[TimeControl "180+2"]

1. e4 c5 2. c3 d5 3. Bb5+ Bd7 4. Qe2 a6 5. Bxd7+ Qxd7 6. d4 cxd4 7. cxd4 Nc6 8. Nf3 dxe4 9. Qxe4 Nf6 10. Qh4 e6 11. O-O Be7 12. Rd1 O-O 13. Bg5 Nd5 14. Bxe7 Qxe7 15. Qe4 Rfd8 16. Nc3 h6 17. Ne5 Nxc3 18. Nxc6 Nxe4 19. Nxe7+ Kf8 20. Re1 Nf6 21. Ng6+ fxg6 22. Rxe6 Rxd4 23. Rb6 Rad8 24. g3 Rd1+ 25. Rxd1 Rxd1+ 26. Kg2 Rd7 27. a4 Kf7 28. b4 Nd5 29. a5 Nxb6 30. axb6 Rd6 31. Kf3 Rxb6 32. Ke4 Rxb4+ 0-1

[Event "SWE-ch Blitz 2019"]
[Site "Eskilstuna"]
[Date "2019.07.11"]
[Round "2.1"]
[White "Crevatin, Leo"]
[Black "Tikkanen, Hans"]
[Result "0-1"]
[ECO "D12"]
[WhiteElo "2146"]
[BlackElo "2503"]
[Annotator "ChessBase"]
[PlyCount "50"]
[EventDate "2019.07.06"]
[EventType "swiss"]
[EventCountry "SWE"]
[SourceTitle "playchess.com"]
[Source "ChessBase"]
[SourceQuality "1"]
[TimeControl "180+2"]

1. d4 d5 2. c4 c6 3. Nf3 Nf6 4. e3 Bf5 5. Nc3 e6 6. Nh4 Be4 7. f3 Bg6 8. Qb3 Qb6 9. Qxb6 axb6 10. Nxg6 hxg6 11. Kf2 Bd6 12. g3 g5 13. e4 dxe4 14. fxe4 e5 15. d5 Bb4 16. Bd3 g4 17. a3 Nbd7 18. Ne2 Nc5 19. Ke3 Nb3 20. axb4 Rxa1 21. Bc2 Nxc1 22. Nxc1 Rh3 23. Bb3 Nh5 24. Kf2 Nxg3 25. Rg1 Nxe4+ 0-1

[Event "SWE-ch Blitz 2019"]
[Site "Eskilstuna"]
[Date "2019.07.11"]
[Round "2.2"]
[White "Agrest, Evgenij"]
[Black "Johnson, Daniel"]
[Result "1-0"]
[ECO "A14"]
[WhiteElo "2583"]
[BlackElo "2212"]
[Annotator "ChessBase"]
[PlyCount "85"]
[EventDate "2019.07.06"]
[EventType "swiss"]
[EventCountry "SWE"]
[SourceTitle "playchess.com"]
[Source "ChessBase"]
[SourceQuality "1"]
[TimeControl "180+2"]

1. Nf3 d5 2. e3 Nf6 3. c4 e6 4. b3 Be7 5. Bb2 O-O 6. Nc3 b6 7. g3 Bb7 8. Bg2 c5 9. O-O Nc6 10. cxd5 exd5 11. d4 Re8 12. Rc1 Bf8 13. dxc5 bxc5 14. Na4 Nb4 15. Nxc5 Bxc5 16. Rxc5 Ba6 17. a3 Nd3 18. Bxf6 Qxf6 19. Rc2 Qe7 20. Qa1 Nc5 21. Rd1 Nxb3 22. Qc3 Bc4 23. Nd2 Nxd2 24. Rcxd2 Rac8 25. Qa5 Red8 26. h4 g6 27. Rd4 Rb8 28. h5 Kg7 29. Qc3 Kg8 30. h6 Qf8 31. Rh4 Rb3 32. Qd4 Rbb8 33. g4 Rb6 34. g5 Rbd6 35. Rf4 Be2 36. Rd2 Bc4 37. Rf6 R6d7 38. Bh3 Rd6 39. Rxd6 Rxd6 40. Rb2 Rd8 41. Rb7 Ba6 42. Rxa7 Bc4 43. Be6 1-0

[Event "SWE-ch Blitz 2019"]
[Site "Eskilstuna"]
[Date "2019.07.11"]
[Round "2.3"]
[White "Carlstrom, Niklas"]
[Black "Lyrberg, Patrik"]
[Result "1-0"]
[ECO "B02"]
[WhiteElo "2083"]
[BlackElo "2457"]
[Annotator "ChessBase"]
[PlyCount "71"]
[EventDate "2019.07.06"]
[EventType "swiss"]
[EventCountry "SWE"]
[SourceTitle "playchess.com"]
[Source "ChessBase"]
[SourceQuality "1"]
[TimeControl "180+2"]

1. e4 Nf6 2. Nc3 d5 3. e5 Ne4 4. Nce2 Nc5 5. Nf3 Bg4 6. Ng3 e6 7. h3 Bxf3 8. Qxf3 Nc6 9. Bb5 Nd7 10. Bxc6 bxc6 11. Qe2 g6 12. d4 c5 13. c3 cxd4 14. cxd4 c5 15. dxc5 Bxc5 16. O-O Rb8 17. Bh6 Qh4 18. Be3 d4 19. Bc1 d3 20. Qxd3 Nxe5 21. Qc3 Bd4 22. Qa3 a5 23. Qa4+ Kf8 24. Kh1 Kg7 25. Qxa5 Ng4 26. Be3 Bxe3 27. fxe3 Qxg3 28. hxg4 Rxb2 29. Qc3+ e5 30. Qxb2 h5 31. g5 h4 32. Rf4 h3 33. Qxe5+ Kg8 34. Qb8+ Kg7 35. Rxf7+ Kxf7 36. Qxg3 1-0

[Event "SWE-ch Blitz 2019"]
[Site "Eskilstuna"]
[Date "2019.07.11"]
[Round "2.4"]
[White "Schussler, Harry"]
[Black "Sundin, Emanuel"]
[Result "1-0"]
[ECO "E61"]
[WhiteElo "2410"]
[BlackElo "2134"]
[Annotator "NA"]
[PlyCount "67"]
[EventDate "2019.07.06"]
[EventType "swiss"]
[EventCountry "SWE"]
[SourceTitle "playchess.com"]
[Source "ChessBase"]
[SourceQuality "1"]
[TimeControl "180+2"]

1. d4 Nf6 2. Nf3 g6 3. c4 Bg7 4. Nc3 O-O 5. Bg5 c5 6. d5 h6 7. Bh4 d6 8. e3 e6 9. Be2 g5 10. Bg3 Nh5 11. O-O Nxg3 12. hxg3 e5 13. e4 f5 14. exf5 Bxf5 15. Nd2 Nd7 16. Bg4 Qe7 17. Bxf5 Rxf5 18. Nde4 Nf6 19. Qe2 a6 20. g4 Rf4 21. g3 Nxe4 22. Nxe4 Rf7 23. a4 Raf8 24. Ra3 Qd7 25. Kg2 a5 26. Rfa1 b6 27. Rb3 Qd8 28. Rh1 Re8 29. Rb5 Bf8 30. Qe3 Ree7 31. Rh5 Rb7 32. Qd2 Qe8 33. Qe2 Bg7 34. Nxd6 1-0

[Event "SWE-ch Blitz 2019"]
[Site "Eskilstuna"]
[Date "2019.07.11"]
[Round "2.5"]
[White "Iwraeus, Lowe"]
[Black "Andersson, Tommy"]
[Result "1-0"]
[ECO "E17"]
[WhiteElo "2000"]
[BlackElo "2390"]
[Annotator "NA"]
[PlyCount "124"]
[EventDate "2019.07.06"]
[EventType "swiss"]
[EventCountry "SWE"]
[SourceTitle "playchess.com"]
[Source "ChessBase"]
[SourceQuality "1"]
[TimeControl "180+2"]

1. d4 Nf6 2. Nf3 e6 3. g3 d5 4. Bg2 b6 5. b3 Bb7 6. Bb2 Be7 7. Nbd2 O-O 8. O-O c5 9. c4 dxc4 10. Nxc4 Na6 11. dxc5 Nxc5 12. Qxd8 Rfxd8 13. Rfd1 h6 14. Nce5 a5 15. Nc4 b5 16. Ne3 a4 17. bxa4 Nxa4 18. Be5 b4 19. Rxd8+ Rxd8 20. Rd1 Rc8 21. Ne1 Ba6 22. Nd3 Nc3 23. Bxc3 bxc3 24. Nc2 Rb8 25. Bc6 Bc4 26. Nc1 Rb2 27. Ba4 Bxa2 28. Nxa2 Rxa2 29. Bb3 Rb2 30. Ba4 Nd5 31. Kg2 f5 32. Rc1 Kf7 33. h4 Bf6 34. e3 g5 35. hxg5 hxg5 36. Bc6 Nb4 37. Nxb4 Rxb4 38. Rc2 Ke7 39. Kf3 Kd6 40. Be8 Rb2 41. Ba4 Kc5 42. Ke2 Kb4 43. Rxb2+ cxb2 44. Bc2 Kc3 45. Bb1 Bd8 46. Kd1 Bb6 47. Ke2 Bc7 48. Kd1 f4 49. gxf4 g4 50. Ke2 Bb6 51. Kd1 Bd8 52. Ke2 Bh4 53. e4 Kd4 54. f5 exf5 55. exf5 Ke5 56. Kf1 Kf4 57. Ke2 Bf6 58. Kf1 Kf3 59. Bc2 Bc3 60. Bb1 Bd4 61. Bc2 Bxf2 62. f6 Bc5 1-0

[Event "SWE-ch Blitz 2019"]
[Site "Eskilstuna"]
[Date "2019.07.11"]
[Round "2.6"]
[White "Seo, Jung Min"]
[Black "Eriksson, Lennarth"]
[Result "1-0"]
[ECO "A28"]
[WhiteElo "2399"]
[BlackElo "1958"]
[Annotator "NA"]
[PlyCount "107"]
[EventDate "2019.07.06"]
[EventType "swiss"]
[EventCountry "SWE"]
[SourceTitle "playchess.com"]
[Source "ChessBase"]
[SourceQuality "1"]
[TimeControl "180+2"]

1. c4 e5 2. Nc3 Nc6 3. Nf3 Nf6 4. e3 d5 5. cxd5 Nxd5 6. Bb5 Nxc3 7. bxc3 Bd6 8. d4 e4 9. Nd2 Qe7 10. Nc4 O-O 11. Nxd6 Qxd6 12. O-O Ne7 13. a4 c6 14. Ba3 Qf6 15. Be2 Re8 16. Qc2 Ng6 17. f3 exf3 18. Rxf3 Qg5 19. e4 Nf4 20. Bc4 Be6 21. Bxe6 Nxe6 22. Raf1 f6 23. Rf5 Qg6 24. Qb3 Kh8 25. Qxb7 Qg4 26. Qxc6 Rac8 27. h3 Qe2 28. Qd5 Rxc3 29. Bd6 Qe3+ 30. Kh1 Rc1 31. Rxc1 Qxc1+ 32. Kh2 Qc8 33. Bc5 Ng5 34. Rf4 Qc7 35. Bd6 Qd7 36. e5 fxe5 37. dxe5 Ne6 38. Rg4 h6 39. Qb5 Qf7 40. Qd3 Rd8 41. Qe4 Rd7 42. Rg3 Rd8 43. Rf3 Qg8 44. Qb7 Ng5 45. Rg3 Ne6 46. Qxa7 Re8 47. Qe3 Ng5 48. Qf4 Qe6 49. a5 Nf7 50. a6 Ng5 51. a7 Qd5 52. Qa4 Ra8 53. Rb3 Qf7 54. Rb8+ 1-0

[Event "SWE-ch Blitz 2019"]
[Site "Eskilstuna"]
[Date "2019.07.11"]
[Round "2.7"]
[White "Moborn, Anders"]
[Black "Lissang, Christopher"]
[Result "0-1"]
[ECO "D02"]
[WhiteElo "2034"]
[BlackElo "2333"]
[Annotator "NA"]
[PlyCount "39"]
[EventDate "2019.07.06"]
[EventType "swiss"]
[EventCountry "SWE"]
[SourceTitle "playchess.com"]
[Source "ChessBase"]
[SourceQuality "1"]
[TimeControl "180+2"]

1. d4 Nf6 2. Nf3 e6 3. g3 d5 4. Bg2 c5 5. O-O Nc6 6. b3 Be7 7. Bb2 O-O 8. Nbd2 b5 9. c4 bxc4 10. bxc4 Rb8 11. cxd5 exd5 12. Bc3 Bf5 13. Ne5 Qc7 14. Nxc6 Qxc6 15. dxc5 Qxc5 16. Be5 Rb4 17. Nb3 Qc8 18. Rc1 Qe6 19. Bd4 Ne4 20. f3 0-1

[Event "SWE-ch Blitz 2019"]
[Site "Eskilstuna"]
[Date "2019.07.11"]
[Round "2.8"]
[White "Rydstrom, Tom"]
[Black "Luna, Gustavo"]
[Result "1-0"]
[ECO "B25"]
[WhiteElo "2345"]
[BlackElo "2041"]
[Annotator "NA"]
[PlyCount "65"]
[EventDate "2019.07.06"]
[EventType "swiss"]
[EventCountry "SWE"]
[SourceTitle "playchess.com"]
[Source "ChessBase"]
[SourceQuality "1"]
[TimeControl "180+2"]

1. Nf3 Nf6 2. g3 g6 3. Bg2 Bg7 4. O-O O-O 5. d3 d6 6. e4 c5 7. Nc3 Nc6 8. h3 a6 9. Be3 Bd7 10. Ne2 Qc8 11. Kh2 Qc7 12. c3 Rab8 13. Ne1 b5 14. f4 b4 15. Nf3 Nh5 16. g4 Nf6 17. Qe1 bxc3 18. bxc3 Rb2 19. Kh1 h5 20. Bc1 Rxe2 21. Qxe2 hxg4 22. hxg4 Bxg4 23. Bd2 Nh5 24. Qf2 Bf6 25. Nh2 Bc8 26. Bf3 Ng7 27. Rg1 Qa5 28. f5 Bxc3 29. Bxc3 Qxc3 30. Ng4 g5 31. Qh2 Qf6 32. Nxf6+ exf6 33. Rg3 1-0

[Event "SWE-ch Blitz 2019"]
[Site "Eskilstuna"]
[Date "2019.07.11"]
[Round "2.9"]
[White "Carlsson, Ludvig"]
[Black "Malmstig, Erik"]
[Result "1-0"]
[ECO "A53"]
[WhiteElo "2218"]
[BlackElo "2357"]
[Annotator "NA"]
[PlyCount "99"]
[EventDate "2019.07.06"]
[EventType "swiss"]
[EventCountry "SWE"]
[SourceTitle "playchess.com"]
[Source "ChessBase"]
[SourceQuality "1"]
[TimeControl "180+2"]

1. d4 Nf6 2. Nf3 d6 3. c4 Bg4 4. e3 Nbd7 5. h3 Bh5 6. Be2 e5 7. Nc3 c6 8. Qc2 Qc7 9. b3 Be7 10. Bb2 Bg6 11. Qd1 e4 12. Nh4 d5 13. cxd5 cxd5 14. Nb5 Qa5+ 15. Qd2 Qb6 16. Rc1 O-O 17. Ba3 Bxa3 18. Nxa3 Rac8 19. O-O a6 20. Nxg6 hxg6 21. Nb1 Qd6 22. Rc3 Rxc3 23. Nxc3 Rc8 24. Rc1 Qb4 25. Nb1 Rxc1+ 26. Qxc1 Kh7 27. Qc3 Qb6 28. Qc8 Qa5 29. Nc3 b5 30. Nxd5 Qe1+ 31. Bf1 Nxd5 32. Qxd7 Nc3 33. Qg4 f5 34. Qh4+ Kg8 35. Qd8+ Kf7 36. Qd7+ Kf6 37. Qc6+ Kg5 38. g3 Nd1 39. Qc2 Nc3 40. Kg2 a5 41. h4+ Kh6 42. a3 b4 43. axb4 axb4 44. Bc4 Qa1 45. Qd2 Qa7 46. d5 Qd7 47. d6 Kh7 48. Be6 Qxe6 49. d7 Qxb3 50. d8=Q 1-0

[Event "SWE-ch Blitz 2019"]
[Site "Eskilstuna"]
[Date "2019.07.11"]
[Round "2.10"]
[White "Kucuksari, Kaan"]
[Black "Joensson, Mikael"]
[Result "1-0"]
[ECO "A52"]
[WhiteElo "2310"]
[BlackElo "2055"]
[Annotator "NA"]
[PlyCount "87"]
[EventDate "2019.07.06"]
[EventType "swiss"]
[EventCountry "SWE"]
[SourceTitle "playchess.com"]
[Source "ChessBase"]
[SourceQuality "1"]
[TimeControl "180+2"]

1. d4 Nf6 2. c4 e5 3. dxe5 Ng4 4. Nf3 Bc5 5. e3 Nc6 6. Nc3 O-O 7. Be2 Re8 8. O-O Ngxe5 9. Nxe5 Nxe5 10. b3 a5 11. Bb2 Ra6 12. Ne4 Ba7 13. c5 Rh6 14. f4 Nc6 15. Qd5 Qe7 16. Bc4 Nb4 17. Qg5 Rg6 18. Qxe7 Rxe7 19. Ng5 Nc2 20. Rac1 Nxe3 21. Rfe1 Bxc5 22. Bxf7+ Rxf7 23. Rxc5 d6 24. Rcc1 Re7 25. Bd4 Nf5 26. Rxe7 Nxe7 27. Rxc7 Kf8 28. h4 h6 29. h5 hxg5 30. hxg6 gxf4 31. Bxg7+ Kxg7 32. Rxe7+ Kxg6 33. Rc7 Be6 34. Rxb7 a4 35. bxa4 Bxa2 36. Rb6 Kf5 37. Rxd6 Ke5 38. Rd2 Bc4 39. a5 Ke4 40. Rc2 Bd3 41. Rb2 Ke3 42. Rb3 Kd4 43. Rxd3+ Kxd3 44. a6 1-0

[Event "SWE-ch Blitz 2019"]
[Site "Eskilstuna"]
[Date "2019.07.11"]
[Round "2.12"]
[White "Gruvaeus, Curt"]
[Black "Bjornvall, Tord"]
[Result "1-0"]
[ECO "A53"]
[WhiteElo "2228"]
[BlackElo "1997"]
[Annotator "NA"]
[PlyCount "71"]
[EventDate "2019.07.06"]
[EventType "swiss"]
[EventCountry "SWE"]
[SourceTitle "playchess.com"]
[Source "ChessBase"]
[SourceQuality "1"]
[TimeControl "180+2"]

1. Nf3 d6 2. d4 Nf6 3. g3 Nbd7 4. Bg2 e5 5. c4 c6 6. dxe5 dxe5 7. O-O Qc7 8. Nc3 Be7 9. h3 O-O 10. b3 Nc5 11. Qc2 a5 12. Bb2 Ne6 13. Rad1 Bc5 14. e3 h6 15. Na4 Nd7 16. Nxc5 Nexc5 17. Nh4 Nf6 18. Nf5 Bxf5 19. Qxf5 Rfe8 20. Rd2 Na6 21. f4 exf4 22. exf4 Re6 23. Kh2 g6 24. Qc2 Rae8 25. Rfd1 Nb4 26. Qb1 c5 27. a3 Nc6 28. Qa1 Nh5 29. Bf3 Nxf4 30. Rd7 Re2+ 31. Bxe2 Rxe2+ 32. Kh1 Qc8 33. gxf4 Qe8 34. Be5 Qe6 35. Qc3 Qf5 36. Rd8+ 1-0

[Event "SWE-ch Blitz 2019"]
[Site "Eskilstuna"]
[Date "2019.07.11"]
[Round "2.13"]
[White "Goransson, Michael"]
[Black "Kockum, Anton Frisk"]
[Result "0-1"]
[ECO "A06"]
[WhiteElo "1996"]
[BlackElo "2353"]
[Annotator "NA"]
[PlyCount "44"]
[EventDate "2019.07.06"]
[EventType "swiss"]
[EventCountry "SWE"]
[SourceTitle "playchess.com"]
[Source "ChessBase"]
[SourceQuality "1"]
[TimeControl "180+2"]

1. Nf3 c5 2. e3 Nc6 3. Be2 d5 4. O-O Nf6 5. b3 Bg4 6. Bb2 e6 7. d3 Be7 8. Nbd2 O-O 9. a3 b5 10. Ne5 Nxe5 11. Bxe5 Bxe2 12. Qxe2 Nd7 13. Bb2 Bf6 14. Bxf6 Qxf6 15. a4 b4 16. e4 Qc3 17. Rac1 Rae8 18. f4 f5 19. e5 g5 20. g3 Kh8 21. Kh1 Rg8 22. Nf3 gxf4 0-1

[Event "SWE-ch Blitz 2019"]
[Site "Eskilstuna"]
[Date "2019.07.11"]
[Round "2.14"]
[White "Bergstrom, Peter"]
[Black "Horn, Emilia"]
[Result "0-1"]
[ECO "C45"]
[WhiteElo "2306"]
[BlackElo "1984"]
[Annotator "NA"]
[PlyCount "60"]
[EventDate "2019.07.06"]
[EventType "swiss"]
[EventCountry "SWE"]
[SourceTitle "playchess.com"]
[Source "ChessBase"]
[SourceQuality "1"]
[TimeControl "180+2"]

1. e4 e5 2. Nf3 Nc6 3. d4 exd4 4. Nxd4 Bc5 5. Be3 Qf6 6. c3 Nge7 7. g3 d6 8. Bg2 Bd7 9. O-O Bb6 10. Na3 O-O 11. Nc4 Ne5 12. Nxb6 axb6 13. a3 N7c6 14. Nxc6 bxc6 15. Bd4 c5 16. Bxe5 Qxe5 17. f4 Qe7 18. e5 Rad8 19. exd6 cxd6 20. Bd5 Be6 21. Re1 Qf6 22. Qd2 Bxd5 23. Qxd5 Rfe8 24. Kg2 Qg6 25. f5 Qg5 26. Rxe8+ Rxe8 27. Re1 Rd8 28. Qxd6 g6 29. f6 h5 30. Qc6 Qd2+ 0-1

[Event "SWE-ch Blitz 2019"]
[Site "Eskilstuna"]
[Date "2019.07.11"]
[Round "2.15"]
[White "Heidenfors, Ronald"]
[Black "Pantzar, Milton"]
[Result "0-1"]
[ECO "C97"]
[WhiteElo "2013"]
[BlackElo "2357"]
[Annotator "NA"]
[PlyCount "98"]
[EventDate "2019.07.06"]
[EventType "swiss"]
[EventCountry "SWE"]
[SourceTitle "playchess.com"]
[Source "ChessBase"]
[SourceQuality "1"]
[TimeControl "180+2"]

1. e4 e5 2. Nf3 Nc6 3. Bb5 a6 4. Ba4 Nf6 5. O-O Be7 6. Re1 b5 7. Bb3 d6 8. h3 O-O 9. c3 Na5 10. Bc2 c5 11. d4 Qc7 12. Nbd2 Be6 13. Nf1 cxd4 14. cxd4 Rfc8 15. Bd3 Bc4 16. Ne3 Bxd3 17. Qxd3 Nc4 18. Nf5 exd4 19. Qxd4 Bf8 20. Bg5 Nd7 21. Rac1 Qc5 22. b3 Qxd4 23. N5xd4 Nce5 24. Nxe5 dxe5 25. Nf5 Nc5 26. Ne7+ Bxe7 27. Bxe7 Nd3 28. Rxc8+ Rxc8 29. Rd1 Rc1 30. Rxc1 Nxc1 31. Bg5 Ne2+ 32. Kf1 Nc3 33. a3 Nxe4 34. Be7 Nf6 35. Ke2 Nd5 36. Bd6 f6 37. Kd3 Kf7 38. a4 Ke6 39. axb5 Kxd6 40. bxa6 Kc6 41. Kc4 Nc7 42. a7 Kb6 43. Kb4 Kxa7 44. Kc5 Ne6+ 45. Kd6 Nf4 46. g3 Nxh3 47. Ke6 Nxf2 48. Kf7 e4 49. Kxg7 e3 0-1

[Event "SWE-ch Blitz 2019"]
[Site "Eskilstuna"]
[Date "2019.07.11"]
[Round "2.16"]
[White "Olund, Joar"]
[Black "Eklund, Mathias"]
[Result "1-0"]
[ECO "A45"]
[WhiteElo "2313"]
[BlackElo "1950"]
[Annotator "NA"]
[PlyCount "97"]
[EventDate "2019.07.06"]
[EventType "swiss"]
[EventCountry "SWE"]
[SourceTitle "playchess.com"]
[Source "ChessBase"]
[SourceQuality "1"]
[TimeControl "180+2"]

1. d4 Nf6 2. Bg5 Ne4 3. Bf4 d5 4. Nd2 c5 5. Nxe4 dxe4 6. dxc5 Qa5+ 7. c3 Qxc5 8. Qa4+ Nc6 9. Qxe4 Bf5 10. Qe3 Qd5 11. Qd2 O-O-O 12. Qxd5 Rxd5 13. f3 Rd8 14. e4 Bg6 15. Bb5 f6 16. Be3 Kb8 17. Ne2 e5 18. Bxc6 bxc6 19. Rd1 Be7 20. Nc1 Rxd1+ 21. Kxd1 Rd8+ 22. Kc2 f5 23. Rd1 fxe4 24. Rxd8+ Bxd8 25. Kd2 exf3 26. gxf3 a6 27. Nd3 Bc7 28. h4 e4 29. fxe4 Bxe4 30. Nc5 Bb1 31. Nxa6+ Kb7 32. Nc5+ Kc8 33. a4 Bb6 34. b4 Bxc5 35. Bxc5 Ba2 36. Ke3 Bb3 37. a5 Bc4 38. Kd4 Ba6 39. Bd6 Kd7 40. Kc5 Bb5 41. Bf4 Ba6 42. c4 Bc8 43. b5 cxb5 44. cxb5 Bb7 45. Kb6 Kc8 46. a6 Bf3 47. Ka7 Be2 48. b6 h6 49. b7+ 1-0

[Event "SWE-ch Blitz 2019"]
[Site "Eskilstuna"]
[Date "2019.07.11"]
[Round "2.17"]
[White "Rajcevski, Dejan"]
[Black "Lind, Jan-Olov"]
[Result "1-0"]
[ECO "A49"]
[WhiteElo "1946"]
[BlackElo "2155"]
[Annotator "NA"]
[PlyCount "139"]
[EventDate "2019.07.06"]
[EventType "swiss"]
[EventCountry "SWE"]
[SourceTitle "playchess.com"]
[Source "ChessBase"]
[SourceQuality "1"]
[TimeControl "180+2"]

1. Nf3 Nf6 2. g3 g6 3. Bg2 Bg7 4. O-O O-O 5. d4 d6 6. b3 Nbd7 7. Bb2 a6 8. c4 Rb8 9. Qc2 b5 10. Nbd2 bxc4 11. bxc4 c5 12. e3 Bb7 13. Rab1 Bc6 14. d5 Ba8 15. Bc3 Qc7 16. Rb3 Rxb3 17. axb3 Bb7 18. Ra1 Rb8 19. Bf1 Bc8 20. Bd3 Ng4 21. Bxg7 Kxg7 22. h3 Nge5 23. Nxe5 Nxe5 24. Bf1 Kg8 25. f4 Nd7 26. Qc3 Nf6 27. Kh2 Qb6 28. Qa5 Qxa5 29. Rxa5 Rb4 30. Bd3 Kf8 31. e4 Ke8 32. Kg2 Kd8 33. g4 Kc7 34. Kf3 Kb6 35. Ra1 Kc7 36. Bc2 Nd7 37. Rg1 h6 38. h4 Rb8 39. g5 h5 40. Ra1 Kb6 41. Nb1 Nf8 42. Nc3 Bd7 43. e5 dxe5 44. fxe5 Bg4+ 45. Kf4 Bd7 46. Ne4 Be8 47. Rd1 a5 48. d6 exd6 49. Rxd6+ Kc7 50. Nxc5 a4 51. Na6+ Kb7 52. Nxb8 axb3 53. Bxb3 Ne6+ 54. Rxe6 fxe6 55. c5 Kxb8 56. Bxe6 Kc7 57. Bd5 Kd7 58. e6+ Ke7 59. Ke5 Bb5 60. c6 Ba6 61. c7 Bc8 62. Bc6 Ba6 63. Bd7 Bb7 64. c8=Q Bxc8 65. Bxc8 Kd8 66. Ba6 Ke7 67. Bb5 Kf8 68. Kf6 Kg8 69. Kxg6 Kh8 70. e7 1-0

[Event "SWE-ch Blitz 2019"]
[Site "Eskilstuna"]
[Date "2019.07.11"]
[Round "2.18"]
[White "Nilsson, Joakim"]
[Black "Gemzell, Ted"]
[Result "1-0"]
[ECO "A30"]
[WhiteElo "2319"]
[BlackElo "2047"]
[Annotator "NA"]
[PlyCount "59"]
[EventDate "2019.07.06"]
[EventType "swiss"]
[EventCountry "SWE"]
[SourceTitle "playchess.com"]
[Source "ChessBase"]
[SourceQuality "1"]
[TimeControl "180+2"]

1. Nf3 Nf6 2. b3 g6 3. Bb2 Bg7 4. e3 O-O 5. Be2 b6 6. O-O Bb7 7. c4 c5 8. Nc3 Nc6 9. d4 cxd4 10. exd4 d5 11. Rc1 Rc8 12. Re1 Re8 13. h3 e6 14. Bf1 a6 15. Ba1 Qd7 16. Ne5 Nxe5 17. dxe5 Nh5 18. Ne4 Qe7 19. Nd6 Red8 20. Nxc8 Rxc8 21. cxd5 Rxc1 22. Qxc1 Bxd5 23. Qc8+ Bf8 24. Rc1 Qb4 25. Qc3 Qf4 26. Qe3 Qxe3 27. fxe3 Ng7 28. Bd4 b5 29. Rc8 Nf5 30. Bc5 1-0